Map: Thunderbird LE

Players

TLO

  • Race: Zerg Zerg
  • Spawn Location: 11:00

JEROS - Winner!

  • Race: Terran Terran
  • Spawn Location: 5:00

Event: 2019 WCS Summer

VOD

Have the link to the VOD?

Description

Time

  • Played on: July 12, 2019, 6:32 a.m.
  • Length: 29:43

All games in this series

Show
View Real Time Build Order
Export as new Build Order

TLO Zerg 

Build Orders: Hatch First, Brood Lord Corruptor 

Get SALT Encoding   

  12  0:00  Drone  
  13  0:12  Overlord  
  13  0:17  Drone  
  14  0:31  Drone x2  
  16  0:37  Drone  
  17  0:51  Hatchery  
  17  0:55  Drone  
  17  0:58  Drone  
  18  1:05  Extractor  
  17  1:13  Spawning Pool  
  17  1:16  Drone  
  17  1:20  Drone  
  18  1:28  Drone  
  19  1:39  Drone  
  20  1:49  Overlord  
  20  2:02  Queen  
  20  2:03  Zergling x2  
  20  2:04  Queen  
  20  2:06  Zergling x2  
  20  2:07  Metabolic Boost  
  26  2:10  Drone  
  26  2:14  Drone  
  28  2:21  Drone  
  29  2:25  Drone  
  30  2:36  Drone  
  31  2:42  Queen  
  31  2:43  Drone  
  33  2:44  Queen  
  33  2:47  Overlord  
  33  2:49  Drone  
  35  3:01  Hatchery  
  35  3:05  Overlord  
  34  3:10  Drone  
  34  3:11  Drone  
  37  3:12  Drone  
  37  3:14  Drone  
  37  3:16  Drone  
  37  3:18  Drone  
  40  3:21  Drone  
  40  3:22  Drone  
  42  3:29  Drone  
  42  3:31  Drone  
  42  3:33  Overlord  
  44  3:36  Queen  
  46  3:42  Zergling x6  
  46  3:47  Drone  
  50  3:52  Overlord  
  50  3:58  Drone x2  
  50  3:59  Baneling Nest  
  51  4:05  Zergling x4  
  51  4:07  Drone x2  
  55  4:11  Drone  
  55  4:12  Drone  
  55  4:14  Drone  
  58  4:18  Queen  
  58  4:19  Drone  
  58  4:20  Drone  
  58  4:22  Drone x2  
  58  4:23  Overlord  
  58  4:24  Zergling x2  
  65  4:27  Drone  
  65  4:28  Drone x2  
  65  4:30  Overlord  
  67  4:32  Drone  
  67  4:37  Overlord  
  68  4:42  Overlord  
  68  4:45  Drone  
  69  4:47  Overlord  
  69  4:50  Spore Crawler  
  69  4:52  Spore Crawler x2  
  66  4:53  Spore Crawler  
  66  4:54  Drone x2  
  66  4:55  Drone  
  66  4:56  Drone x2  
  66  4:58  Drone  
  71  5:00  Drone  
  71  5:02  Drone  
  71  5:03  Spore Crawler  
  71  5:04  Drone  
  73  5:07  Queen  
  73  5:08  Drone  
  73  5:09  Drone x2  
  73  5:11  Baneling x3  
  73  5:12  Drone  
  79  5:14  Drone  
  79  5:15  Drone, Extractor  
  79  5:18  Drone  
  79  5:21  Lair  
  81  5:23  Extractor x2  
  81  5:24  Drone x2, Extractor  
  81  5:25  Extractor  
  81  5:27  Drone  
  81  5:28  Drone x2  
  82  5:29  Drone  
  82  5:33  Drone  
  82  5:34  Drone  
  85  5:38  Zergling x2  
  85  5:39  Baneling x2, Spore Crawler  
  85  5:40  Zergling x2, Drone  
  85  5:41  Zergling x2  
  89  5:42  Drone  
  89  5:45  Drone  
  89  5:47  Drone  
  89  5:48  Evolution Chamber x2  
  89  5:50  Baneling  
  89  5:54  Zergling x2  
  89  5:56  Zergling x4  
  91  5:57  Zergling x4  
  91  6:00  Zergling x2  
  85  6:05  Drone, Queen x2  
  85  6:09  Drone  
  85  6:10  Zergling x2  
  85  6:11  Zergling x2  
  90  6:12  Drone  
  90  6:13  Drone  
  90  6:14  Zergling x2  
  92  6:21  Drone  
  92  6:25  Drone  
  93  6:26  Spire  
  93  6:28  Drone  
  93  6:29  Infestation Pit, Drone  
  93  6:35  Overlord  
  93  6:39  Hatchery  
  92  6:40  Drone  
  92  6:41  Drone, Queen  
  92  6:42  Zerg Melee Weapons Level 1  
  92  6:43  Zerg Missile Weapons Level 1  
  92  6:45  Queen  
  98  6:48  Overlord x2  
  98  6:51  Overlord  
  98  6:53  Queen, Overlord  
  100  6:56  Overlord  
  100  6:59  Overlord  
  99  7:02  Drone  
  99  7:03  Overlord  
  99  7:04  Drone x2  
  101  7:12  Infestor  
  101  7:13  Infestor  
  101  7:14  Spore Crawler  
  101  7:15  Infestor x2  
  108  7:17  Burrow  
  108  7:20  Infestor, Queen  
  112  7:25  Drone  
  112  7:26  Drone x5  
  112  7:29  Zergling x4  
  120  7:33  Zergling x6  
  120  7:34  Baneling x2  
  120  7:35  Baneling  
  120  7:36  Zergling x2  
  124  7:39  Neural Parasite  
  124  7:42  Zergling x2  
  124  7:43  Extractor  
  124  7:45  Drone  
  124  7:47  Baneling x2  
  124  7:48  Extractor  
  124  7:49  Spore Crawler  
  124  7:50  Zergling x4  
  125  7:53  Drone  
  125  7:57  Hive  
  126  7:59  Zergling x6  
  126  8:00  Zergling x4  
  126  8:01  Baneling x3  
  126  8:02  Baneling  
  126  8:03  Drone x2  
  126  8:05  Drone  
  134  8:15  Drone  
  135  8:20  Hatchery  
  135  8:23  Zergling x2  
  129  8:38  Drone x2  
  129  8:39  Drone  
  132  8:42  Zergling x2  
  132  8:43  Zerg Missile Weapons Level 2, Zerg Melee Weapons Level 2  
  132  8:45  Zergling x4, Overlord  
  135  8:52  Zergling x2  
  135  8:53  Zergling x10  
  135  8:55  Baneling x3, Queen  
  141  8:56  Queen  
  141  8:57  Overlord  
  141  8:58  Mutalisk  
  141  8:59  Mutalisk x6  
  159  9:09  Greater Spire, Overlord  
  159  9:12  Baneling, Zergling x2  
  159  9:13  Zergling x14  
  159  9:16  Zergling x2  
  167  9:27  Zergling x2  
  167  9:29  Zergling x2  
  169  9:38  Zergling x4  
  168  9:43  Zergling x4  
  169  9:48  Zergling x2  
  169  9:50  Zergling x2  
  167  9:54  Zergling x4  
  167  9:55  Zergling x2  
  167  9:57  Zergling x2  
  167  9:58  Zergling x2  
  150  10:03  Zergling x2  
  144  10:10  Corruptor  
  144  10:11  Corruptor x10  
  144  10:14  Drone  
  167  10:17  Drone x10  
  177  10:32  Infestor x2  
  177  10:34  Overlord  
  181  10:40  Spine Crawler x2  
  181  10:42  Unknown  
  177  10:43  Spine Crawler  
  177  10:44  Unknown  
  177  10:46  Brood Lord x3, Spine Crawler  
  177  10:48  Overlord  
  177  10:49  Overlord  
  180  10:56  Brood Lord  
  182  11:01  Brood Lord  
  183  11:08  Brood Lord  
  183  11:09  Overlord  
  184  11:17  Brood Lord x2  
  188  11:23  Overlord  
  188  11:33  Brood Lord x2, Spore Crawler  
  188  11:34  Brood Lord, Spore Crawler x2  
  188  11:35  Hatchery  
  184  11:49  Centrifical Hooks  
  179  12:03  Overlord x2  
  179  12:06  Spine Crawler  
  179  12:07  Baneling x12  
  179  12:08  Spine Crawler x2  
  175  12:10  Spine Crawler  
  175  12:14  Overlord  
  175  12:15  Viper x4  
  172  12:17  Drone  
  185  12:29  Zergling x2  
  186  12:30  Drone  
  186  12:31  Drone  
  186  12:32  Drone  
  186  12:34  Drone  
  186  12:35  Drone x2  
  182  12:37  Infestor x2  
  182  12:38  Zergling x2  
  182  12:39  Zergling x2, Drone  
  182  12:44  Zerg Missile Weapons Level 3, Zerg Melee Weapons Level 3  
  189  12:53  Overlord  
  189  13:00  Spore Crawler  
  189  13:01  Spore Crawler  
  187  13:09  Overlord  
  175  13:16  Zergling x2  
  175  13:18  Baneling  
  175  13:19  Baneling x5  
  172  13:24  Infestor x3  
  172  13:26  Corruptor  
  178  13:27  Corruptor x8  
  178  13:30  Overlord  
  196  13:38  Drone  
  196  13:39  Drone x2  
  199  13:42  Spine Crawler, Overlord, Spore Crawler  
  199  13:47  Zergling x2  
  197  13:48  Overlord  
  197  13:49  Drone  
  197  14:07  Baneling x2, Overlord  
  197  14:13  Infestor x3  
  197  14:15  Brood Lord  
  200  14:21  Spore Crawler  
  200  14:22  Spore Crawler x2  
  200  14:23  Spore Crawler  
  196  14:25  Spore Crawler  
  196  14:26  Brood Lord x2  
  199  14:33  Spore Crawler  
  199  14:34  Brood Lord, Spore Crawler x2  
  149  14:48  Infestor x2  
  149  14:49  Zergling x2  
  149  14:50  Zergling x4  
  137  14:53  Infestor  
  137  14:57  Brood Lord x4  
  137  14:59  Zergling x2  
  146  15:00  Zergling x14  
  135  15:14  Zergling x4  
  135  15:15  Zergling x2  
  135  15:17  Zergling x2  
  135  15:18  Zergling x4  
  135  15:19  Infestor x3, Zergling x2  
  135  15:20  Infestor  
  144  15:23  Infestor  
  144  15:26  Infestor  
  140  15:30  Infestor  
  140  15:33  Infestor  
  140  15:34  Drone  
  140  15:35  Drone  
  140  15:37  Drone  
  140  15:40  Infestor  
  144  15:43  Infestor  
  144  15:44  Drone  
  144  15:48  Infestor  
  149  15:50  Infestor  
  149  15:58  Corruptor  
  149  16:00  Drone  
  149  16:03  Drone  
  153  16:05  Infestor  
  153  16:09  Infestor  
  150  16:11  Infestor  
  150  16:16  Drone x3  
  150  16:18  Baneling, Infestor x17  
  153  16:22  Drone x2  
  153  16:24  Drone x2  
  157  16:31  Baneling, Overlord  
  157  16:32  Drone x2  
  159  16:36  Overlord  
  159  16:39  Brood Lord  
  161  16:41  Infestor x2  
  161  16:45  Baneling  
  161  16:46  Baneling  
  165  16:48  Corruptor  
  162  17:08  Infestor  
  162  17:09  Corruptor x2  
  162  17:10  Corruptor  
  170  17:16  Corruptor  
  170  17:17  Corruptor  
  170  17:21  Corruptor x4  
  182  17:25  Corruptor  
  182  17:27  Corruptor x2  
  188  17:34  Corruptor x2  
  192  17:44  Corruptor x3  
  190  17:49  Corruptor  
  188  18:03  Corruptor x2  
  188  18:04  Corruptor  
  174  18:06  Zergling x2  
  174  18:07  Zergling x22  
  174  18:10  Zergling x2  
  174  18:11  Corruptor  
  173  18:14  Zergling x4  
  173  18:15  Zergling x2  
  174  18:20  Brood Lord x2  
  172  18:38  Drone x2  
  160  18:44  Zergling x2  
  152  18:50  Zergling x2  
  152  18:53  Drone  
  154  19:00  Zergling x2  
  154  19:01  Drone x3  
  160  19:02  Brood Lord  
  160  19:03  Brood Lord x3  
  160  19:04  Drone x2  
  160  19:09  Zergling x4  
  164  19:12  Drone  
  164  19:13  Drone x9  
  171  19:17  Unknown  
  171  19:19  Infestor, Unknown  
  171  19:29  Brood Lord  
  173  19:35  Brood Lord  
  171  19:42  Infestor  
  173  19:45  Zergling x4  
  173  19:46  Zergling x2  
  175  19:53  Brood Lord  
  175  19:57  Zergling x2  
  175  19:58  Zergling x4  
  175  19:59  Zergling x2  
  182  20:00  Zergling x2  
  182  20:02  Hatchery  
  182  20:03  Brood Lord  
  182  20:05  Zergling x2  
  182  20:06  Zergling x4  
  186  20:08  Zergling x2  
  186  20:11  Queen  
  189  20:15  Infestor  
  189  20:17  Corruptor  
  189  20:21  Corruptor  
  193  20:23  Zergling x4  
  193  20:24  Baneling  
  192  20:31  Queen  
  191  20:35  Zergling x2  
  191  20:38  Zergling x6  
  191  20:39  Zergling x2  
  190  20:51  Infestor x17  
  190  21:05  Infestor x2  
  190  21:06  Infestor x18  
  190  21:10  Hatchery  
  195  21:28  Baneling  
  195  21:30  Corruptor  
  196  21:39  Zergling x2  
  193  21:40  Zergling x4, Extractor  
  193  21:41  Extractor  
  193  21:44  Zergling x2  
  193  21:46  Zergling x2  
  185  21:51  Extractor  
  185  21:53  Overlord  
  183  21:59  Zergling x4  
  180  22:04  Infestor x14  
  180  22:05  Zergling x4  
  163  22:08  Infestor x4  
  163  22:09  Infestor x9  
  136  22:28  Drone x2  
  136  22:29  Zergling x2  
  135  22:30  Zergling x4  
  135  22:31  Zergling x4  
  135  22:33  Zergling x4  
  135  22:34  Zergling x2  
  137  22:46  Infestor  
  137  22:48  Zergling x18  
  136  22:55  Zergling x2  
  131  23:00  Zergling x14  
  131  23:03  Zergling x2  
  131  23:04  Zergling x2  
  141  23:08  Drone  
  141  23:09  Zergling x2, Extractor, Queen  
  141  23:10  Queen  
  146  23:14  Zergling x2  
  146  23:15  Queen  
  146  23:26  Zergling x2  
  147  23:27  Zergling x4  
  147  23:30  Baneling  
  147  23:31  Baneling x3  
  149  23:34  Drone  
  149  23:43  Infestor  
  151  23:52  Baneling x2  
  151  23:55  Overlord  
  151  23:57  Infestor  
  153  24:03  Drone x2  
  153  24:08  Drone  
  156  24:11  Zergling x2  
  156  24:14  Infestor  
  159  24:19  Corruptor  
  159  24:20  Drone  
  155  24:31  Infestor  
  157  24:34  Drone x2  
  156  24:40  Overlord  
  156  24:45  Overlord  
  151  24:56  Drone  
  151  24:57  Infestor  
  154  25:05  Infestor  
  156  25:19  Infestor  
  157  25:26  Infestor  
  150  25:42  Brood Lord  
  152  25:47  Drone x2  
  153  25:50  Zergling x2, Hatchery  
  148  26:01  Drone x2  
  148  26:02  Zergling x2  
  146  26:05  Corruptor  
  127  26:21  Infestor x7  
  105  26:27  Corruptor  
  105  26:29  Zergling x2  
  105  26:30  Zergling x2, Corruptor  
  105  26:32  Zergling x2  
  90  26:33  Corruptor  
  90  26:35  Zergling x2, Drone  
  90  26:36  Zergling x2  
  90  26:38  Zergling x2  
  94  26:44  Drone x2  
  91  26:48  Drone  
  81  27:03  Drone  
  79  27:21  Drone  
  80  27:25  Drone  
  81  27:40  Drone  
  81  27:42  Drone x3  
  85  27:51  Drone x2  
  87  27:59  Drone  
  87  28:03  Drone  
  88  28:08  Drone  
  87  28:23  Brood Lord  
  89  28:31  Drone  
  90  28:36  Drone x2  
  85  28:55  Drone x2  
  86  29:07  Drone  
  73  29:11  Drone x2  
  73  29:17  Drone  
Show
View Real Time Build Order
Export as new Build Order

JEROS Terran - Winner!

Build Orders: Hellion Opening, Reaper Expand, Mech 

Get SALT Encoding   

  12  0:00  SCV  
  13  0:13  SCV  
  14  0:16  Supply Depot  
  14  0:25  SCV  
  15  0:38  SCV  
  15  0:39  Barracks  
  16  0:44  Refinery  
  16  0:50  SCV  
  17  1:02  SCV  
  18  1:14  SCV  
  19  1:28  Reaper  
  19  1:29  Orbital Command  
  20  1:39  Command Center  
  20  1:48  Supply Depot  
  20  1:55  SCV  
  20  2:00  Marine  
  22  2:07  SCV  
  23  2:12  Factory  
  23  2:17  Refinery  
  23  2:19  SCV  
  23  2:21  Barracks Reactor  
  24  2:31  SCV  
  25  2:43  SCV  
  26  2:54  Orbital Command  
  26  2:55  SCV  
  26  2:57  Starport  
  27  3:02  Hellion x2  
  31  3:07  SCV  
  31  3:09  Barracks Tech Lab  
  32  3:19  SCV  
  33  3:20  SCV  
  33  3:23  Hellion x2  
  38  3:30  Supply Depot  
  38  3:31  SCV  
  38  3:32  SCV  
  40  3:34  Viking  
  40  3:38  Marine  
  43  3:43  SCV  
  43  3:44  Fusion Core  
  43  3:48  SCV  
  45  3:54  Hellion  
  45  3:55  SCV, Hellion  
  49  4:00  SCV  
  51  4:03  Supply Depot  
  51  4:08  SCV  
  52  4:12  SCV  
  52  4:15  Hellion  
  52  4:16  Hellion  
  52  4:20  SCV  
  53  4:24  SCV  
  53  4:26  Supply Depot  
  53  4:27  Barracks Tech Lab  
  57  4:32  SCV  
  57  4:37  SCV  
  56  4:39  Battlecruiser  
  62  4:47  Hellion x2, SCV, Supply Depot  
  62  4:50  SCV  
  62  4:52  Supply Depot  
  69  5:00  Armory  
  68  5:09  Hellion x2  
  68  5:13  Supply Depot  
  72  5:16  Command Center  
  72  5:17  Refinery  
  72  5:18  Refinery  
  72  5:20  SCV  
  72  5:21  SCV, Supply Depot  
  74  5:30  Supply Depot  
  74  5:32  SCV  
  74  5:33  Hellion x2  
  74  5:35  SCV  
  80  5:45  SCV  
  81  5:50  Terran Vehicle And Ship Armor Level 1  
  81  5:54  SCV  
  82  5:57  SCV  
  82  6:03  Hellion x2  
  73  6:04  Battlecruiser  
  73  6:06  SCV  
  73  6:09  SCV  
  77  6:15  Factory  
  77  6:17  Barracks Tech Lab  
  73  6:18  SCV  
  73  6:21  SCV  
  73  6:23  Factory  
  71  6:26  Refinery  
  71  6:30  Orbital Command, SCV  
  70  6:33  Refinery, SCV  
  70  6:35  Engineering Bay  
  71  6:43  SCV, Hellion x2  
  71  6:45  SCV  
  77  6:53  Factory  
  77  6:55  SCV  
  77  6:57  SCV  
  77  6:58  Barracks Reactor  
  77  6:59  Factory  
  79  7:03  SCV  
  79  7:07  SCV  
  80  7:10  SCV  
  80  7:14  Siege Tank  
  80  7:15  SCV  
  85  7:16  Hellion x2  
  85  7:19  SCV  
  85  7:21  Starport Reactor  
  85  7:22  SCV  
  91  7:27  Siege Tank  
  91  7:28  Command Center  
  94  7:30  SCV  
  94  7:31  SCV  
  94  7:32  Armory  
  94  7:36  Missile Turret  
  96  7:37  Missile Turret  
  96  7:41  Missile Turret  
  96  7:42  Siege Tank  
  99  7:44  Infernal Pre-Igniter  
  99  7:46  SCV x2  
  101  7:54  SCV  
  101  7:58  Siege Tank, SCV x2, Supply Depot  
  106  8:00  Supply Depot  
  106  8:02  Hellion x3  
  106  8:05  Siege Tank  
  116  8:18  Siege Tank, Hellion  
  121  8:21  Terran Vehicle And Ship Armor Level 2  
  121  8:22  Terran Vehicle Weapons Level 1  
  121  8:24  SCV x2, Supply Depot  
  121  8:25  Supply Depot  
  123  8:38  Siege Tank, Hellion x3  
  126  8:45  Refinery  
  126  8:51  Refinery  
  126  8:54  Command Center  
  129  8:55  Siege Tank  
  129  8:57  Thor  
  129  8:59  Missile Turret x2  
  129  9:01  Planetary Fortress  
  135  9:04  SCV x2  
  135  9:05  SCV  
  138  9:14  Hellion x3  
  138  9:16  SCV  
  145  9:21  SCV x2  
  145  9:23  Hellion x2  
  148  9:28  Thor  
  153  9:38  Widow Mine  
  153  9:39  Widow Mine x2  
  154  9:50  Thor  
  154  9:51  Hellion  
  152  9:57  Factory  
  152  9:58  Factory  
  152  9:59  Factory  
  127  10:05  Siege Tank, Hellion x3  
  114  10:17  Command Center  
  114  10:20  Siege Tank, Hellion  
  119  10:27  Terran Vehicle Weapons Level 2  
  119  10:29  Starport  
  119  10:30  Starport, Fusion Core  
  119  10:33  Sensor Tower  
  119  10:37  Planetary Fortress  
  119  10:38  SCV x4  
  123  10:42  Factory Reactor  
  123  10:43  Factory Tech Lab  
  123  10:47  Factory Tech Lab  
  123  10:50  SCV x4  
  127  10:58  Siege Tank x2, Hellion x3  
  127  11:02  Thor  
  143  11:11  SCV x2  
  143  11:12  Refinery x2, SCV x2  
  143  11:14  Siege Tank, Starport Tech Lab, Starport Reactor, Hellion  
  143  11:17  Terran Vehicle And Ship Armor Level 3  
  149  11:27  SCV x3  
  150  11:35  Siege Tank x2, Hellion x2  
  150  11:36  Hellion  
  150  11:38  Liberator  
  160  11:50  Command Center  
  160  11:52  Liberator  
  160  11:53  Command Center  
  161  12:06  Thor  
  161  12:07  Thor x2  
  177  12:09  Factory Reactor  
  180  12:22  Viking x2  
  179  12:23  Viking  
  181  12:35  Thor x2  
  193  12:44  Liberator x3  
  193  12:48  Thor  
  193  12:49  Command Center  
  199  12:54  Missile Turret  
  199  12:56  Missile Turret  
  199  12:57  Missile Turret  
  194  13:12  Viking x2  
  177  13:13  Hellion x6  
  177  13:14  Hellion  
  167  13:24  Thor  
  167  13:25  Liberator  
  170  13:27  Liberator  
  170  13:30  Orbital Command  
  170  13:36  SCV x3  
  170  13:40  Liberator x2, SCV x2  
  176  13:42  Orbital Command, Viking  
  183  13:50  SCV x2  
  183  13:55  Liberator  
  183  14:06  SCV x2  
  183  14:07  SCV x3  
  183  14:08  Liberator  
  188  14:10  Sensor Tower  
  189  14:27  Hellion x4, Fusion Core  
  196  14:43  Liberator  
  196  14:45  Viking x3, Thor x2  
  178  14:51  Liberator  
  162  15:02  Advanced Ballistics  
  162  15:03  Hellion x2  
  169  15:10  Thor x2  
  168  15:20  Hellion  
  156  15:22  Hellion x3  
  156  15:23  Hellion  
  156  15:28  Liberator x2  
  151  15:35  Thor x2  
  155  15:39  SCV x5  
  160  15:47  SCV x2  
  168  15:56  Thor  
  174  15:58  Liberator x2  
  174  15:59  Liberator  
  174  16:01  SCV x2  
  176  16:05  Smart Servos  
  174  16:14  Hellion  
  174  16:15  Hellion x3  
  174  16:17  Liberator x2  
  187  16:26  Planetary Fortress  
  193  16:41  Refinery x2, Liberator x2  
  193  16:47  Missile Turret x2  
  193  16:48  Sensor Tower  
  193  16:49  Missile Turret  
  193  16:52  Liberator  
  193  16:59  Liberator  
  189  17:14  Siege Tank, Hellion x2  
  189  17:15  Hellion  
  195  17:19  Liberator  
  192  17:24  Liberator  
  195  17:37  Hellion x3  
  194  17:59  Thor  
  179  18:05  Hellion  
  179  18:06  Thor x3, Hellion x5  
  179  18:09  Liberator  
  179  18:10  Liberator x4  
  185  18:26  Hellion  
  188  18:27  Hellion  
  188  18:33  Command Center  
  192  18:34  Command Center  
  183  18:44  Thor  
  183  18:45  Hellion x5  
  183  18:47  Thor  
  183  18:49  Thor x2  
  187  19:07  Terran Vehicle Weapons Level 3  
  187  19:08  Terran Ship Weapons Level 1  
  187  19:09  Medivac  
  187  19:11  Hellion x4  
  187  19:12  Command Center, Hellion  
  191  19:28  Thor  
  195  19:42  Command Center  
  195  19:46  Orbital Command  
  195  19:50  Liberator  
  195  19:59  Command Center x2  
  195  20:09  Liberator x2  
  190  20:49  Hellion x5  
  190  20:55  Liberator  
  190  20:56  Liberator x2  
  190  21:03  Refinery  
  190  21:04  Refinery  
  199  21:21  Liberator  
  197  21:33  Command Center  
  200  21:40  Orbital Command  
  200  21:41  Orbital Command  
  170  22:24  Hellion x3  
  170  22:25  Thor x5, Hellion x3  
  175  22:37  Planetary Fortress  
  175  22:40  Refinery  
  168  22:50  Liberator x3  
  168  22:51  Hellion x4  
  146  23:07  Thor x2, Liberator x2, Hellion x2  
  146  23:08  Thor x2  
  183  23:14  Refinery  
  183  23:15  Orbital Command  
  183  23:26  Command Center  
  189  23:30  Starport  
  189  23:33  Liberator x3  
  183  23:50  Liberator x2  
  183  23:55  Missile Turret  
  192  23:56  Missile Turret  
  192  23:57  Missile Turret x3  
  192  24:01  Planetary Fortress  
  198  24:22  Liberator x3  
  190  24:41  Starport Reactor, Hellion x8  
  199  24:48  Refinery x2  
  196  25:00  Liberator x2  
  186  25:14  Liberator x2  
  195  26:11  Liberator  
  195  26:12  Liberator x6  
  164  26:27  Thor x3  
  164  26:28  Hellion x6  
  164  26:29  Hellion x2  
  141  26:49  Hellion x5  
  141  26:50  Siege Tank, Hellion  
  141  26:51  Hellion x2  
  141  26:53  Hellion  
  134  27:10  Hellion x3  
  134  27:13  Thor  
  146  27:30  Missile Turret  
  146  27:31  Missile Turret  
  146  27:32  Missile Turret  
  146  27:34  Missile Turret  
  146  27:37  Sensor Tower  
  146  27:39  Missile Turret  
  146  27:47  Hellion  
  146  27:49  Hellion x5  
  146  27:50  Hellion x5  
  163  27:55  Hellion x8  
  163  27:57  Hellion  
  165  27:59  Hellion x3  
  165  28:04  Missile Turret  
  165  28:05  Hellion x3  
  165  28:08  Missile Turret  
  165  28:10  Hellion  
  167  28:25  Orbital Command, Thor x2  
  179  28:27  Hellion x4  
  179  28:28  Missile Turret  
  179  28:36  Missile Turret  
  179  28:37  Missile Turret, Hellion x18  
  179  28:38  Missile Turret  
  140  28:58  Orbital Command  
  138  29:16  Hellion x7  
Tags
 
Add a new tag
Caveats
  • Supply blocks, unpowered buildings, or Contaminate may cause inaccurate times.
  • Supply counts are checked every 10 seconds.